 Dungeon Crawl Stone Soup version 0.30-a0-777-ga9a30cbeda (webtiles) character file.

Game seed: 10362840606506301946

161 themarg the Stinger (level 5, -2/33 HPs)
             Began as an Octopode Venom Mage on Feb 13, 2023.
             Was an Initiate of Ashenzari.
             Slain by a hound (4 damage)
             ... on level 4 of the Dungeon.
             The game lasted 00:08:53 (3267 turns).

themarg the Stinger (Octopode Venom Mage)           Turns: 3267, Time: 00:08:54

Health: -2/33      AC:  1    Str: 10    XL:     5   Next: 42%
Magic:  7/9        EV: 13    Int: 17    God:    Ashenzari [......]
Gold:   113        SH:  0    Dex: 12    Spells: 7/10 levels left

rFire   . . .      SeeInvis .    f - +1 short sword of the Esoteric Repose {flame, Melee, Bglg} (curse)
rCold   . . .      Faith    .    (no shield)
rNeg    . . .      Spirit   .    (helmet restricted)
rPois   .          Reflect  .    (no amulet)
rElec   .          Harm     .    (no ring)
rCorr   .          Rampage  .    (no ring)
Will    .....                    (no ring)
Stlth   +++                      (no ring)
HPRegen 0.25/turn                (no ring)
MPRegen 0.11/turn                (no ring)
                                 (no ring)
                                 (no ring)

@: attractive
A: almost no armour, amphibious, 8 rings, camouflage 1, gelatinous body 1,
(nimble swimmer 1), tentacles
a: Renounce Religion, Shatter the Chains


You were on level 4 of the Dungeon.
You worshipped Ashenzari.
Ashenzari was noncommittal.
You visited 1 branch of the dungeon, and saw 4 of its levels.

You collected 113 gold pieces.

Inventory:

Hand Weapons
 f - the cursed +1 short sword of the Esoteric Repose (weapon) {flame, Melee, Bglg}
   (You took it off a kobold on level 1 of the Dungeon)

   It has a curse which improves the following skills: Melee Combat: Short
   Blades, Long Blades, Axes, Maces & Flails, Polearms, Staves and Unarmed
   Combat.
   Beguiling: Conjurations, Hexes and Translocations.
 q - a +2 short sword of speed
Missiles
 c - 15 stones
 j - 3 poisoned darts
Armour
 p - a +0 buckler
Scrolls
 b - 2 scrolls of poison {unknown}
 g - 2 scrolls of immolation {unknown}
 h - 2 scrolls of teleportation {unknown}
 l - a scroll of identify {unknown}
 o - a scroll of noise {unknown}
Potions
 a - a potion of magic
 d - 4 potions of attraction
 e - a potion of heal wounds {unknown}
 i - a potion of degeneration {unknown}
 k - a potion of invisibility {unknown}
 m - a potion of curing {unknown}
 n - a potion of might {unknown}
 r - a potion of cancellation {unknown}


   Skills:
 + Level 1.4 Fighting
 + Level 2.6 Dodging
 - Level 3.0 Stealth
 + Level 3.1 Spellcasting
 - Level 1.6(2.0) Conjurations
 - Level 1.0 Transmutations
 - Level 2.0 Air Magic
 - Level 4.0 Poison Magic


You had 7 spell levels left.
You knew the following spells:

 Your Spells              Type           Power      Damage    Failure   Level
a - Sting                 Tmut/Pois      44%        1d5       6%          1
b - Poisonous Vapours     Pois/Air       24%        N/A       8%          2

Your spell library contained the following spells:

 Spells                   Type           Power      Damage    Failure   Level
 Mephitic Cloud           Conj/Pois/Air  11%        N/A       17%         3
 Olgreb's Toxic Radiance  Pois           16%        N/A       32%         4
 Dazzling Flash           Conj/Hex       12%        N/A       34%         3
 Iskenderun's Mystic Bla  Conj/Tloc      6%         2d4       75%         4
 Starburst                Conj/Fire      3%         6d3       100%        6


Dungeon Overview and Level Annotations

Branches:
Dungeon (4/15)
 Temple: D:4-7

Altars:
Ashenzari
Makhleb
Okawaru

Annotations:
D:4 Grinder


Innate Abilities, Weirdness & Mutations

You cannot wear most types of armour.
You are amphibious.
You can wear up to eight rings at the same time.
Your skin changes colour to match your surroundings (Stealth+).
Your rubbery body absorbs attacks. (AC +1, EV +1)
((You are camouflaged when in or above water. (Stealth+)))
You have tentacles for arms and can constrict up to eight enemies at once.


Message History

Grinder blinks!
Aiming: Poisonous Vapours (safe; 8% risk of failure)
Press: ? - help, Dir - move target, f - Grinder
Aim: Grinder Grinder cannot be affected by poisonous vapours.
Okay, then.
The hound barely misses you. The hound bites you.
Grinder blinks!
The kobold shouts!
The kobold unwields a +0 sling.
The kobold wields a +0 club.
The kobold barely misses you. The hound bites you.
Things that are here:
a +0 dagger; a kobold corpse The hound barely misses you.
The hound attacks as you move away! The hound closely misses you.
The hound bites you.
Items here: )) ††.
The hound attacks as you move away! The hound bites you.
The kobold unwields a +0 club.
The kobold wields a +0 sling.
The kobold shoots a sling bullet.
The sling bullet closely misses you. The hound attacks as you move away!
The hound closely misses you. x2
Aiming: Poisonous Vapours (safe; 8% risk of failure)
Press: ? - help, Dir - move target, f - hound
Aim: a hound Poisonous vapours surround the hound!
The hound is poisoned.
The hound bites you. The hound attacks as you move away! The hound misses you.
The hound bites you.
* * * LOW HITPOINT WARNING * * *
You barely miss the hound. Your grab misses the hound.
The hound is moderately wounded.
The hound bites you.
* * * LOW HITPOINT WARNING * * *
The hound barely misses you.
It was a potion of attraction.
You feel attractive to monsters. The hound closely misses you.
The hound misses you. The hound attacks as you move away! The hound bites you.
You die...

######## #......#
#.###..########
#>.....#......#
#.....)..Kh.#.#######
#......#.##@.....†<.#
#......#.####.#####.#
######)####.####.# .#
#.......# #......# .#
#.####..# ######## .#
###.####..# #######
..
....##....####.....#
##
....##.##...##.....#
.......##.#.†.†....#


You could see a hound (poisoned) and a kobold.

Vanquished Creatures
  A scorpion (D:4)
  4 gnolls
  An adder (D:3)
  A worm (D:2)
  A dart slug (D:3)
  An orc (D:3)
  2 endoplasms
  2 giant cockroaches
  6 goblins
  6 hobgoblins
  10 kobolds
  8 ball pythons
  4 bats
  2 frilled lizards
  5 rats
54 creatures vanquished.

Notes
Turn   | Place    | Note
-------+----------+-------------------------------------------
     0 | D:1      | themarg the Octopode Venom Mage began the quest for the
                  | Orb.
     0 | D:1      | Reached XP level 1. HP: 11/11 MP: 3/3
   236 | D:1      | Reached XP level 2. HP: 16/17 MP: 0/5
   293 | D:1      | Learned a level 2 spell: Poisonous Vapours
   669 | D:1      | Reached skill level 1 in Air Magic
   881 | D:2      | Reached skill level 4 in Poison Magic
  1237 | D:2      | Reached XP level 3. HP: 21/21 MP: 3/6
  1360 | D:2      | Found a broken altar of Ashenzari.
  1367 | D:2      | Became a worshipper of Ashenzari the Shackled
  2058 | D:3      | Found a burning altar of Makhleb.
  2167 | D:2      | Reached XP level 4. HP: 11/27 MP: 5/8
  2350 | D:3      | Found a faded altar of an unknown god.
  2648 | D:3      | Found an iron altar of Okawaru.
  2810 | D:3      | Reached skill level 1 in Fighting
  3072 | D:4      | Noticed a scorpion
  3077 | D:4      | Killed a scorpion
  3078 | D:4      | Reached skill level 1 in Conjurations
  3078 | D:4      | Reached XP level 5. HP: 33/33 MP: 3/9
  3240 | D:4      | Noticed Grinder
  3264 | D:4      | HP: 1/33 [hound (6)]
  3267 | D:4      | Slain by a hound

Illustrated notes

Levels and vault maps discovered:
D:1:      lightli_arrival_statuegarden, layout_rooms
D:2:      layout_basic, basic_altar, minmay_tripent
D:3:      layout_loops_ring, okawaru_trees_1, old_standard_altar,
          ebering_ecumenical_altar_hall, chequers_serial_rivers_room_a,
          lemuel_flame_loot_1
D:4:      layout_loops_cross, uniq_ijyb, uniq_edmund, uniq_grinder, uniq_natasha

Skill      XL: |  1  2  3  4 |
---------------+-------------+-----
Stealth        | 3 |  3.0
Air Magic      | 1 2 |  2.0
Poison Magic   | 4 |  4.0
Spellcasting   | 3 |  3.1
Fighting       | 1 |  1.4
Conjurations   | 1 |  1.6
Dodging        | |  2.6
Transmutations | |  1.0

Action                     |  1- 3 |  4- 6 || total
---------------------------+-------+-------++-------
  Melee: Short sword       |    26 |    20 ||    46
         Constrict         |     9 |     6 ||    15
         Tentacles         |     6 |     3 ||     9
         Hand axe          |     2 |       ||     2
         Unarmed           |     1 |       ||     1
   Cast: Sting             |    24 |    10 ||    34
         Poisonous Vapours |    23 |    14 ||    37
 Invoke: Curse Item        |       |     1 ||     1
    Use: Potion            |       |     1 ||     1
   Stab: Sleeping          |       |     3 ||     3
 Armour: Skin              |     2 |     1 ||     3
  Dodge: Dodged            |    17 |    20 ||    37

Table legend: (Time is in decaauts)
 A = Elapsed time spent in this place.
 B = Non-inter-level travel time spent in this place.
 C = Inter-level travel time spent in this place.
 D = Time resting spent in this place.
 E = Time spent auto-exploring this place.
 F = Levels seen in this place.
 G = Mean time per level.
                   A        B        C        D        E       F      G
               +--------+--------+--------+--------+--------+-----+--------+
         Total |   3268 |   3225 |     43 |    312 |   2473 |   4 |  817.0 |
       Dungeon |   3268 |   3225 |     43 |    312 |   2473 |   4 |  817.0 |
               +--------+--------+--------+--------+--------+-----+--------+

Top non-repeatable levels by time:
     D:2: 1364 daAuts
     D:3: 867 daAuts
     D:1: 842 daAuts
     D:4: 194 daAuts
